 Dungeon Crawl Stone Soup version 0.30-a0-341-g682706514a (webtiles) character file.

Game seed: 8158710489689473734

594 greasedhog the Trooper (level 7, 0/62 HPs)
             Began as a Ghoul Fighter on Nov 2, 2022.
             Slain by a gnoll zombie (1 damage)
             ... in an ossuary on Nov 5, 2022.
             The game lasted 00:06:49 (4505 turns).

greasedhog the Trooper (Ghoul Fighter)              Turns: 4505, Time: 00:06:49

Health: 0/62       AC:  9    Str: 21 (22) XL:     7   Next: 39%
Magic:  6/6        EV:  7    Int:  3      God:
Gold:   223        SH:  4    Dex: 13 (14) Spells: 6/6 levels left

rFire   . . .      SeeInvis .      - Unarmed
rCold   + . .      Faith    .    b - +0 buckler
rNeg    + + +      Spirit   .    r - +0 chain mail
rPois   ∞          Reflect  .    (no helmet)
rElec   .          Harm     .    (no cloak)
rCorr   .          Rampage  .    (no gloves)
Will    .....                    (no boots)
Stlth   ..........               (no amulet)
HPRegen 0.00/turn                p - +6 ring of dexterity
MPRegen 0.10/turn                (no ring)

@: inhibited regen
A: claws 1, cold resistance 1, negative energy resistance 3, inhibited
regeneration, torment resistance 2, devour on kill
a: no special abilities


You were in an ossuary.
You visited 1 branch of the dungeon, and saw 5 of its levels.
You also visited: Ossuary.

You collected 223 gold pieces.

Inventory:

Armour
 b - a +0 buckler (worn)
 r - a +0 chain mail (worn)
Jewellery
 p - a +6 ring of dexterity (left claw)
 s - a ring of ice
Wands
 a - a wand of paralysis (2)
 m - a wand of light (7)
Scrolls
 e - a scroll of enchant weapon {unknown}
 j - a scroll of enchant armour
 k - a scroll of torment
 n - a scroll of magic mapping {unknown}
Potions
 d - a potion of curing {unknown}
 f - a potion of flight {unknown}
 g - 2 potions of mutation
 h - a potion of haste {unknown}
 i - a potion of attraction {unknown}
 l - a potion of lignification {unknown}
 o - a potion of heal wounds {unknown}


   Skills:
 - Level 5.7 Fighting
 * Level 4.1 Armour
 * Level 1.2 Dodging
 - Level 1.9 Stealth
 - Level 2.6 Shields
 * Level 5.5 Unarmed Combat


You had 6 spell levels left.
You didn't know any spells.
Your spell library contained the following spells:

 Spells                   Type           Power      Damage    Failure   Level
 Summon Guardian Golem    Hex/Summ       0%         N/A       100%        3
 Orb of Destruction       Conj           0%         9d5       100%        7
 Spellforged Servitor     Conj/Summ      0%         N/A       100%        7


Dungeon Overview and Level Annotations

Branches:
Dungeon (5/15)            Ossuary (1/1)
 Temple: D:4-7

Altars:
Gozag

Shops:
D:4 *


Innate Abilities, Weirdness & Mutations

You are immune to poison.
You have sharp fingernails.
Your flesh is cold resistant. (rC+)
You are immune to negative energy. (rN+++)
You do not regenerate when monsters are visible.
You are immune to unholy pain and torment.
You thrive by killing the living.


Message History

The mummy closely misses you.
You claw the mummy!
The mummy is almost destroyed.
The kobold zombie hits you but does no damage.
The hobgoblin zombie completely misses you.
You scratch the mummy.
The mummy is almost destroyed.
You block the mummy's attack. The mummy hits you but does no damage.
The kobold zombie hits you.
* * * LOW HITPOINT WARNING * * *
You claw the mummy!
You destroy the mummy!
You block the hobgoblin zombie's attack.
You claw the mummy!
The mummy is severely damaged.
You block the kobold zombie's attack. The mummy hits you.
* * * LOW HITPOINT WARNING * * *
The hobgoblin zombie hits you but does no damage.
The gnoll zombie barely misses you.
You scratch the mummy.
The mummy is almost destroyed.
The kobold zombie barely misses you.
The hobgoblin zombie closely misses you.
The orc zombie barely misses you.
The gnoll zombie hits you but does no damage.
The mummy hits you!
* * * LOW HITPOINT WARNING * * *
It was a potion of mutation.
You feel extremely strange.
Your body decomposes!
You feel weakened.
Your body decomposes!
You feel clumsy.
The hobgoblin zombie hits you but does no damage.
The kobold zombie hits you but does no damage.
It was a potion of cancellation.
Your magical effects are unravelling.
You feel magically purged.
You feel a little less mighty now. The gnoll zombie hits you.
You die...

#........#
#......#
#....#
#....#
#....#
#....#
#....#
#ZZZ.#
#.@M.#
#..Z.#
#.∩∩.#
######


You could see a mummy, a hobgoblin zombie, a gnoll zombie, a kobold zombie and
an orc zombie.

Vanquished Creatures
  2 black bears (D:4)
  An ogre (D:5)
  A necrophage (D:4)
  An orc wizard (D:3)
  4 mummies
  8 gnolls
  4 adders
  2 worms
  3 dart slugs
  4 orcs
  2 bats
  5 endoplasms
  3 giant cockroaches
  6 goblins
  9 hobgoblins
  7 kobolds
  2 quokkas
  6 ball pythons
  A frilled lizard (D:1)
  A gnoll zombie (Ossuary)
  A hobgoblin zombie (Ossuary)
  A kobold zombie (Ossuary)
  An orc zombie (Ossuary)
  5 rats
80 creatures vanquished.

Vanquished Creatures (others)
  4 toadstools (D:1)
4 creatures vanquished.

Grand Total: 84 creatures vanquished

Notes
Turn   | Place    | Note
-------+----------+-------------------------------------------
     0 | D:1      | greasedhog the Ghoul Fighter began the quest for the Orb.
     0 | D:1      | Reached XP level 1. HP: 19/19 MP: 0/0
   206 | D:1      | Reached XP level 2. HP: 26/26 MP: 1/1
   366 | D:1      | Reached skill level 1 in Stealth
   987 | D:1      | HP: 1/26 [gnoll/+0 club (2)]
   994 | D:1      | Reached XP level 3. HP: 1/31 MP: 2/2
  1324 | D:2      | Found an opulent altar of Gozag.
  2203 | D:1      | Reached XP level 4. HP: 22/40 MP: 3/3
  2800 | D:3      | Found a faded altar of an unknown god.
  3060 | D:3      | Reached XP level 5. HP: 47/47 MP: 4/4
  3765 | D:4      | Noticed a black bear
  3775 | D:4      | Killed a black bear
  3776 | D:4      | Reached skill level 5 in Fighting
  3776 | D:4      | Reached XP level 6. HP: 42/56 MP: 5/5
  3829 | D:4      | Found Iduecsyo's Overcharged Wands.
  3969 | D:4      | Noticed a black bear
  3979 | D:4      | Killed a black bear
  3980 | D:4      | Reached skill level 5 in Unarmed Combat
  3980 | D:4      | Reached XP level 7. HP: 62/62 MP: 6/6
  4267 | D:5      | Entered Level 5 of the Dungeon
  4452 | D:5      | Found a sand-covered staircase.
  4459 | D:5      | Reached skill level 1 in Dodging
  4462 | Ossuary  | Entered an ossuary
  4503 | Ossuary  | HP: 1/62 [mummy (7)]
  4505 | Ossuary  | Slain by a gnoll zombie

Illustrated notes

Levels and vault maps discovered:
D:1:      ldierk_walled_garden_2, layout_loops_corners
D:2:      layout_loops_cross, basic_altar
D:3:      layout_loops_ring, basic_ecumenical_altar, serial_rivers,
          chequers_serial_rivers_small_3, chequers_serial_rivers_micro_a,
          chequers_serial_rivers_small_3, chequers_serial_rivers_small_b,
          chequers_serial_rivers_room_b
D:4:      layout_loops_ring, zin_statuary, nicolae_shop_overcharged_wands
D:5:      layout_basic, minmay_temple_entry_antechambers,
          gup_ossuary_entry_pyramid, grunt_decor_one_mirror, uniq_sigmund
Ossuary:  ossuary_tomb_3

Skill      XL: |  1  2  3  4  5  6  7 |
---------------+----------------------+-----
Stealth        | 1 |  1.9
Unarmed Combat | 3 4 5 |  5.5
Fighting       | 4 5 |  5.7
Armour         | 3 4 |  4.1
Dodging        | 1 |  1.2
Shields        | |  2.6

Action                   |  1- 3 |  4- 6 |  7- 9 || total
-------------------------+-------+-------+-------++-------
Melee: Unarmed           |   121 |   131 |    31 ||   283
Evoke: Wand              |       |     4 |     3 ||     7
  Use: Scroll            |       |     4 |       ||     4
       Potion            |       |       |     3 ||     3
 Stab: Invisible         |       |     2 |       ||     2
       Paralysed         |       |     8 |     2 ||    10
Armor: Scale mail        |    25 |    27 |       ||    52
       Chain mail        |       |    18 |    18 ||    36
Dodge: Dodged            |    41 |    54 |    18 ||   113
Block: Buckler           |    16 |    27 |     6 ||    49

Table legend: (Time is in decaauts)
 A = Elapsed time spent in this place.
 B = Non-inter-level travel time spent in this place.
 C = Inter-level travel time spent in this place.
 D = Time resting spent in this place.
 E = Time spent auto-exploring this place.
 F = Levels seen in this place.
 G = Mean time per level.
                   A        B        C        D        E       F      G
               +--------+--------+--------+--------+--------+-----+--------+
         Total |   4513 |   4174 |    339 |    538 |   2933 |   6 |  752.2 |
       Dungeon |   4471 |   4132 |    339 |    538 |   2931 |   5 |  894.2 |
       Ossuary |     41 |     41 |      0 |      0 |      2 |   1 |   41.0 |
               +--------+--------+--------+--------+--------+-----+--------+

Top non-repeatable levels by time:
     D:1: 1461 daAuts
     D:2: 1007 daAuts
     D:4: 967 daAuts
     D:3: 840 daAuts
     D:5: 194 daAuts
 Ossuary: 41 daAuts
